 Dungeon Crawl Stone Soup version 0.24.0-10-g970556be89 (webtiles) character file.

Game seed: 17050073808364368408, levelgen mode: deterministic

56 Sphyrna the Digger (level 3, -1/20 HPs)
             Began as a Gargoyle Earth Elementalist on Nov 4, 2019.
             Slain by a centaur
             ... wielding a +0 war axe of flaming
              (4 damage)
             ... on level 3 of the Dungeon.
             The game lasted 00:09:11 (3889 turns).

Sphyrna the Digger (Gargoyle Earth Elementalist)    Turns: 3889, Time: 00:09:12

Health: -1/20      AC:  6    Str: 11    XL:     3   Next: 97%
Magic:  5/6        EV: 11    Int: 16    God:
Gold:   77         SH:  0    Dex: 10    Spells: 2/6 levels left

rFire    . . .     SeeInvis .   g - +0 dagger
rCold    . . .     Gourm    .   (no shield)
rNeg     + . .     Faith    .   p - +0 leather armour
rPois    ∞         Spirit   .   (no helmet)
rElec    +         Reflect  .   (no cloak)
rCorr    .         Harm     .   (no gloves)
MR       .....                  (no boots)
Stlth    ++........             (no amulet)
HPRegen  0.06/turn              (no ring)
MPRegen  0.10/turn              (no ring)

@: no status effects
A: negative energy resistance 1, electricity resistance, unbreathing,
petrification resistance, rot immunity, AC +3
a: no special abilities


You were on level 3 of the Dungeon.
You were not hungry.

You visited 1 branch of the dungeon, and saw 3 of its levels.

You collected 77 gold pieces.

Inventory:

Hand Weapons
 g - a +0 dagger (weapon)
   (You took it off a goblin on level 1 of the Dungeon)
 q - a +0 dagger of draining
   (You found it on level 3 of the Dungeon)
Missiles
 b - 46 stones (quivered)
Armour
 i - a +0 large shield
   (You found it on level 2 of the Dungeon)
 p - a +0 leather armour (worn)
   (You found it on level 2 of the Dungeon)
Scrolls
 a - a scroll of noise {unknown}
 f - a scroll of immolation {unknown}
 h - 4 scrolls of identify {unknown}
 j - a scroll of teleportation {unknown}
 k - a scroll of amnesia {unknown}
 o - a scroll of enchant weapon {unknown}
Potions
 d - 3 potions of curing {unknown}
 l - 3 potions of ambrosia {unknown}
 m - a potion of magic {unknown}
 n - a potion of heal wounds {unknown}
Comestibles
 c - 2 chunks of flesh
 e - 6 rations {!d}


   Skills:
 + Level 1.3 Fighting
 - Level 1.5 Dodging
 - Level 2.1 Stealth
 * Level 0.6 Shields
 + Level 2.4 Spellcasting
 * Level 1.1 Conjurations
   Level 0.7 Transmutations
 * Level 4.6 Earth Magic


You had 2 spell levels left.
You knew the following spells:

 Your Spells              Type           Power        Failure   Level  Hunger
a - Sandblast             Erth           ###...       4%          1    #......
b - Stone Arrow           Conj/Erth      ##....       24%         3    ###....

Your spell library contained the following spells:

 Spells                   Type           Power        Failure   Level  Hunger
 Passwall                 Tmut/Erth      ##......     13%         2    ###....
 Petrify                  Tmut/Erth      ##......     65%         4    #####..
 Lee's Rapid Deconstruct  Erth           ###.......   73%         5    ######.


Dungeon Overview and Level Annotations

Branches:
Dungeon (3/15)

Altars:


Innate Abilities, Weirdness & Mutations

You are resistant to torment.
Your stone body is resilient. (AC +3)
You are immune to poison.
You resist negative energy. (rN+)
You are resistant to electric shocks. (rElec)
You can survive without breathing.
You are immune to petrification.
You are immune to rotting.


Message History

You see here a runed dagger.
q - a runed dagger A goblin comes into view.
A goblin is nearby!
Found 16 gold pieces.
The helpless goblin fails to defend itself.
You puncture the goblin!
You kill the goblin!
No target in view!
You see here a goblin corpse.
You butcher the goblin corpse.
c - 2 chunks of flesh (gained 1)
You see here a goblin skeleton.
You now have 77 gold pieces (gained 16).
A frilled lizard comes into view.
The frilled lizard hisses angrily.
You hear a shout!
A centaur comes into view. It is wielding a +0 war axe of flaming.
The centaur unwields a +0 war axe of flaming.
It stops flaming.
The centaur wields a +0 shortbow.
The centaur shoots an arrow.
The arrow barely misses you.
The frilled lizard hisses.
The centaur shoots an arrow.
The arrow hits you!
You see here an arrow.
The centaur shoots an arrow.
The arrow hits you.
* * * LOW HITPOINT WARNING * * *
You see here an arrow.
The centaur shoots an arrow.
The arrow hits you.
* * * LOW HITPOINT WARNING * * *
You see here an arrow.
The centaur shoots an arrow.
The arrow closely misses you. The frilled lizard barely misses you.
You are too injured to fight recklessly!
You are too injured to fight recklessly!
You are too injured to fight recklessly!
You are too injured to fight recklessly!
You hit the frilled lizard.
You kill the frilled lizard!
The centaur shoots an arrow.
The arrow hits you but does no damage.
The centaur unwields a +0 shortbow.
The centaur wields a +0 war axe of flaming.
It bursts into flame!
The centaur closely misses you.
Aim: a centaur, wielding a +0 war axe of flaming The blast of sand hits the centaur but does no damage.
b - 46 stones The centaur hits you with a +0 war axe of flaming.
* * * LOW HITPOINT WARNING * * *
The centaur burns you.
* * * LOW HITPOINT WARNING * * *
The centaur hits you with a +0 war axe of flaming.
You die...

######## .......##
..#.#...#############
#...#.#...÷...(c@(..#
#.#.............###.#
..>....#######.(# .#
######## #.(## .# ##
#(..# .# .# ##..# .#
.# #.(# .# .#######
.............#
........
.#...........#


You could see a centaur.

Vanquished Creatures
  An adder zombie (D:2)
  4 worms (D:2)
  A leopard gecko (D:2)
  A ball python (D:2)
  5 giant cockroaches
  6 goblins
  6 hobgoblins
  A bat (D:1)
  2 frilled lizards
  6 kobolds
  5 rats
38 creatures vanquished.

Notes
Turn   | Place    | Note
-------+----------+-------------------------------------------
     0 | D:1      | Sphyrna the Gargoyle Earth Elementalist began the quest for
                  | the Orb.
     0 | D:1      | Reached XP level 1. HP: 10/10 MP: 3/3
   606 | D:1      | Reached skill level 4 in Earth Magic
   606 | D:1      | Reached XP level 2. HP: 11/16 MP: 5/5
  1212 | D:1      | Reached skill level 1 in Fighting
  2030 | D:2      | Reached XP level 3. HP: 12/20 MP: 2/6
  2061 | D:2      | Learned a level 3 spell: Stone Arrow
  3399 | D:2      | Reached skill level 1 in Conjurations
  3876 | D:3      | Noticed a centaur
  3889 | D:3      | Slain by a centaur

Levels and vault maps discovered:
D:1:      beargit_arrival_greenhouse, layout_basic,
          chequers_serial_rivers_micro_e
D:2:      layout_basic
D:3:      layout_loops_ring, ebering_ghost_rock_garden, first_ration,
          grunt_decor_cap

Skill      XL: |  1  2  3 |
---------------+----------+-----
Earth Magic    | 4 |  4.6
Fighting       | 1 |  1.3
Conjurations   | 1 |  1.1
Dodging        | |  1.5
Stealth        | |  2.1
Shields        | |  0.6
Spellcasting   | |  2.4
Transmutations | |  0.7

Action                   || total
-------------------------++-------
Melee: Dagger            ||   206
       Unarmed           ||    25
 Cast: Sandblast         ||    23
 Stab: Sleeping          ||     3
  Eat: Chunk             ||    10
Armor: Robe              ||    66
       Leather armour    ||    11
Dodge: Dodged            ||   119
